[Event "Live Chess"]
[Site "Chess.com"]
[Date "2023.05.20"]
[Round "-"]
[White "MrBlond89"]
[Black "CeladonFish"]
[Result "1/2-1/2"]
[WhiteElo "1370"]
[BlackElo "1168"]
[TimeControl "300"]
[EndTime "15:17:30 PDT"]
[Termination "Game drawn - timeout vs insufficient material"]

1. e4 d6 2. Nf3 Nf6 3. Nc3 g6 4. d4 Bg7 5. Bg5 O-O 6. Bd3 c5 7.
Qe2 cxd4 8. Nxd4 e5 9. Nf3 Bg4 10. h3 Bxf3 11. Qxf3 Nc6 12. O-O-O Nd4 13. Qe3 Rc8 14.
f4 Nc6 15. f5 Ne7 16. g4 d5 17.
exd5 Nexd5 18. Nxd5 Qxd5 19. Bxf6 Bxf6 20. g5 Bg7 21.
fxg6 fxg6 22. h4 Qxa2 23. h5 Qa1+ 24. Kd2 Qa5+ 25. Kc1 e4 26. Bxe4 Qb6 27. Qxb6 axb6 28. Bxb7 Rc7 29. Bf3 Rxf3 30. hxg6 hxg6 31. Rd8+ Kf7 32.
Rh7 Rf2 33. Rb8 Rcxc2+ 34. Kd1 Rxb2 35. Ke1 Rh2 36. Rxh2 Rxh2 37. Rxb6 Rh1+ 38. Ke2 Rh2+ 39. Kf3 Rh3+ 40. Kg4 Re3 41. Rb7+ Re7 42. Rb6 Re4+ 43. Kf3 Re6 44. Rb7+ Re7 45. Rb6 Bd4 46. Rb3 Ke6 47. Rb6+ Kf5 48. Rb5+ Re5 49. Rb4 Re3+ 50. Kg2 Be5 51.
Kf2 Bf4 52. Rb5+ Kg4 53. Rb1 Bxg5 54. Rg1+ Kf5 55. Rxg5+ Kxg5 56. Kxe3 Kh4 57. Kf3 g5 58. Kg2 Kg4 59. Kh2 Kf3 60. Kg1 Kg3 61. Kf1 Kh2 62.
Kf2 g4 63. Kf1 g3 64. Ke2 g2 65. Ke3 g1=Q+ 66. Ke4 Qf2 67. Kd5 Qe3 68. Kd6 Qe4 69.
Kc5 Qe5+ 70. Kc6 Qd4 71. Kc7 Kg3 72. Kc6 Kf4 73. Kc7 Ke5 74. Kc6 Ke6 75. Kc7 Qd5 76. Kb6 Qd6+ 77. Kb5 Qc7 78. Kb4 Kd6 79. Kb3 Qc5 80.
Kb2 Kd5 81. Kb3 Kd4 82. Kb2 Qc3+ 83. Ka2 1/2-1/2

[Event "Live Chess"]
[Site "Chess.com"]
[Date "2023.05.20"]
[Round "-"]
[White "JoshMcK"]
[Black "1600x"]
[Result "1-0"]
[WhiteElo "1550"]
[BlackElo "1755"]
[TimeControl "300"]
[EndTime "15:17:52 PDT"]
[Termination "JoshMcK won by resignation"]

1. e4 e5 2. Nf3 d5 3. exd5 e4 4. Qe2 Qe7 5. Nd4 a6 6. d3 exd3 7. Qxe7+ Nxe7 8. Bxd3 Nxd5 9. O-O Bc5 10. Re1+ Be6 11.
Nxe6 fxe6 12. Rxe6+ Kd7 13. Re1 Nc6 14. Be3 Kc8 15. Bxc5 b6 16. Be3 Kb7 17. Be4 Nxe3 18. Bxc6+ Kxc6 19. Rxe3 Rhe8 20. Rxe8 Rxe8 21. Nc3 b5 22.
Kf1 Rd8 23. Rd1 Rxd1+ 24. Nxd1 h5 25. Ne3 g6 26. Ke2 Kd6 27. Kd3 a5 28. h3 a4 29.
a3 h4 30. Nf1 c5 31. Nh2 b4 32. axb4 cxb4 33. Nf3 a3 34. bxa3 bxa3 35. Kc3 a2 36. Kb2 a1=Q+ 37. Kxa1 g5 38. Nxg5 Kc5 39. Nf3 Kd6 40.
Nxh4 Kc5 41. Nf3 Kd6 42. Kb2 Kc5 43. Kc3 Kd6 44. Kc4 Ke7 45. Kc5 Kd7 46. c4 Ke7 47. Kc6 Kf6 48. Kb7 Kf5 49. c5 Kf4 50. c6 Ke4 51. c7 Kf4 52. c8=Q Ke4 53. Qg4+ Kd3 54.
h4 Ke2 55. h5 Kxf2 56. h6 Ke3 57. h7 1-0

[Event "Live Chess"]
[Site "Chess.com"]
[Date "2023.05.20"]
[Round "-"]
[White "parcellforce"]
[Black "MarkLim1"]
[Result "0-1"]
[WhiteElo "1362"]
[BlackElo "1659"]
[TimeControl "300"]
[EndTime "15:18:24 PDT"]
[Termination "MarkLim1 won by resignation"]

1. d4 Nf6 2. c4 e6 3. Nc3 d5 4. Nf3 c5 5. e3 a6 6. Be2 dxc4 7. Bxc4 b5 8. Bd3 Bb7 9. O-O Nc6 10. Bc2 Be7 11. Re1 cxd4 12. Nxd4 O-O 13. Nxc6 Bxc6 14. Qe2 b4 15. Nb1 Bb5 16. Qd1 Qc7 17. b3 Rfd8 18. Bd2 Rac8 19. Bxh7+ Nxh7 20. a3 bxa3 21. Nxa3 Bxa3 22.
Rxa3 Qc2 23. Qxc2 Rxc2 24. Ba5 Rdc8 25. Raa1 Nf6 26. b4 Ne4 27. Rad1 Nxf2 28. Rd8+ Rxd8 29. Bxd8 Nd3 30. Rd1 Nxb4 31. Ba5 Nd5 32. e4 Ne3 33. Rd8+ Kh7 34. e5 Rxg2+ 35. Kh1 Ra2 0-1

[Event "Live Chess"]
[Site "Chess.com"]
[Date "2023.05.20"]
[Round "-"]
[White "AbilifyXL"]
[Black "LiamClery2020"]
[Result "1/2-1/2"]
[WhiteElo "1975"]
[BlackElo "2072"]
[TimeControl "300"]
[EndTime "15:18:25 PDT"]
[Termination "Game drawn by agreement"]

1. d4 Nf6 2. c4 g6 3. Nc3 d5 4. Nf3 Bg7 5. Bg5 c6 6. cxd5 cxd5 7. e3 O-O 8. Be2 Nc6 9. O-O Bf5 10. a3 Ne4 11.
Bf4 Re8 12. Rc1 h6 13. h3 g5 14. Bh2 Nxc3 15. Rxc3 Be4 16. b4 e5 17. dxe5 Nxe5 18. Nxe5 Bxe5 19. Bxe5 Rxe5 20. Bf3 Qf6 21. Bxe4 dxe4 22.
Rc4 Rd8 23. Rd4 Rxd4 24. Qxd4 Re6 25. Rd1 Qxd4 26. Rxd4 Ra6 27. Rd7 Rxa3 28. Rxb7 Rb3 29. Rxa7 Rxb4 30. g4 1/2-1/2

[Event "Live Chess"]
[Site "Chess.com"]
[Date "2023.05.20"]
[Round "-"]
[White "Duke_of_Bebington"]
[Black "JohanKjeldahl"]
[Result "0-1"]
[WhiteElo "1577"]
[BlackElo "1864"]
[TimeControl "300"]
[EndTime "15:18:33 PDT"]
[Termination "JohanKjeldahl won by resignation"]

1. e4 c5 2. c3 g6 3. d4 cxd4 4. cxd4 d5 5. e5 Bg7 6. f4 Nc6 7. Nf3 Bg4 8. Be2 e6 9. O-O f6 10. h3 Bxf3 11. Rxf3 fxe5 12. fxe5 Qe7 13. Nc3 a6 14. Be3 O-O-O 15. Rc1 Kb8 16. Na4 Nh6 17. Bxa6 Nf5 18. Bf2 Bh6 19. Rc5 Ka7 20. Bd3 Rhf8 21. Qb3 Qc7 22. Be1 Nfxd4 23. Qa3 Nxf3+ 24. gxf3 Be3+ 25. Kh2 Bxc5 26. Qxc5+ Kb8 27. Ba5 Qxe5+ 28. Kg2 Qg5+ 29.
Kf2 Qh4+ 30. Ke2 Qxa4 31. Bxd8 Rxd8 32. b3 Qxa2+ 0-1

[Event "Live Chess"]
[Site "Chess.com"]
[Date "2023.05.20"]
[Round "-"]
[White "LanceMaster23"]
[Black "Richardallis"]
[Result "0-1"]
[WhiteElo "1863"]
[BlackElo "1881"]
[TimeControl "300"]
[EndTime "15:18:43 PDT"]
[Termination "Richardallis won by resignation"]

1. Nf3 f5 2. d4 Nf6 3. Bf4 d6 4. e3 g6 5. h3 Bg7 6. Be2 O-O 7.
Nbd2 Nbd7 8. c3 Re8 9. Qb3+ e6 10. O-O Kh8 11. Ng5 Qe7 12. Bc4 d5 13. Be2 c6 14.
a4 a6 15. Ngf3 Ne4 16. Rad1 h6 17. Rfe1 b5 18. Nf1 g5 19. Bh2 Kh7 20. N3d2 Rf8 21. f3 Nd6 22. Bd3 Kg8 23. axb5 axb5 24. Ra1 Bb7 25. e4 fxe4 26. fxe4 Qf7 27. Bxd6 Qf2+ 28. Kh2 Rxa1 29. Rxa1 Rf7 30. Bg3 Qf6 31. e5 Qd8 32. Bg6 Rf8 33. Qd1 c5 34. Qg4 Qe7 35. Ra7 Rb8 36.
Nb3 c4 37. Na5 Ba8 38. Rxa8 Rxa8 39. Nc6 Qf8 40. Qxe6+ Kh8 41. Ne3 Nb8 42. Nxd5 Ra6 43.
Nde7 Nxc6 44. Nxc6 Ra1 45. Qe8 Ra6 46. Qxf8+ Bxf8 47. d5 Kg7 48. Bh5 Bc5 49. e6 Kf8 50. Ne5 Ke7 51.
Ng6+ Kd8 52. e7+ Bxe7 53. Nxe7 Kxe7 54. d6+ Kd8 55. Bg4 Ra2 56. Be6 Rxb2 57. Be5 Rd2 58. Bf6+ Ke8 59. d7+ Rxd7 60. Bxd7+ Kxd7 61. Bd4 Kd6 62. Bc5+ Kxc5 63. h4 b4 64. hxg5 hxg5 65. cxb4+ Kxb4 66. Kg3 c3 67. Kg4 c2 68. Kxg5 c1=Q+ 69. Kh5 Qh1+ 0-1

[Event "Live Chess"]
[Site "Chess.com"]
[Date "2023.05.20"]
[Round "-"]
[White "grillage"]
[Black "risinghelios"]
[Result "1-0"]
[WhiteElo "1859"]
[BlackElo "1906"]
[TimeControl "300"]
[EndTime "15:18:47 PDT"]
[Termination "grillage won by resignation"]

1. d4 e5 2. dxe5 Nc6 3. Nf3 Qe7 4. Nc3 Nxe5 5. e4 Nxf3+ 6. Qxf3 d6 7. Bc4 Nf6 8. O-O Be6 9. Nd5 Bxd5 10. exd5 Qd7 11. Re1+ Be7 12. Bg5 O-O 13. Re2 Rfe8 14. Rae1 h6 15.
Bh4 b5 16. Bb3 a5 17. a3 a4 18. Ba2 Kh7 19. Qd3+ Kh8 20. Re3 Ng8 21. Bxe7 Rxe7 22.
Rxe7 Nxe7 23. c3 Ng6 24. Qe4 Nf8 25. Bb1 Ng6 26. h4 h5 27. Qe3 Qg4 28. Bxg6 Qxg6 29. Qe7 Qd3 30. Qxf7 Qh7 31. Re7 Rg8 32. Rxc7 Qb1+ 33. Kh2 Qh7 34. Rd7 b4 35. cxb4 Rc8 36. Rxd6 Qg8 37. Qxh5+ Qh7 38. Qxh7+ Kxh7 39. Ra6 Rd8 40. d6 Kh6 41. g4 g5 42. h5 Rf8 43.
Kg3 Rd8 44. f4 gxf4+ 45. Kxf4 Rf8+ 46. Ke5 Kg5 47. d7 Rd8 48. Rd6 Kxg4 49. Ke6 Kxh5 50.
Ke7 1-0

[Event "Live Chess"]
[Site "Chess.com"]
[Date "2023.05.20"]
[Round "-"]
[White "Hussamalhaidar"]
[Black "Wild_Tiger"]
[Result "1-0"]
[WhiteElo "1036"]
[BlackElo "1066"]
[TimeControl "300"]
[EndTime "15:18:53 PDT"]
[Termination "Hussamalhaidar won by checkmate"]

1. e4 Nc6 2. Nf3 Nf6 3. e5 Nd5 4. Bc4 e6 5. d4 a6 6. Bg5 Be7 7.
Bd2 b5 8. Bxd5 exd5 9. O-O O-O 10. Nc3 Bh4 11. Nxh4 Qxh4 12. f4 Nxd4 13. Be1 d6 14. Bxh4 dxe5 15. fxe5 Ne6 16. Qxd5 c6 17. Qxc6 Rb8 18.
Rad1 Bb7 19. Qd6 Rbd8 20. Bxd8 Rxd8 21. Qxd8+ Nf8 22. Qc7 Ba8 23. Qxf7+ Kh8 24. Qxf8# 1-0

[Event "Live Chess"]
[Site "Chess.com"]
[Date "2023.05.20"]
[Round "-"]
[White "Tushinskiy"]
[Black "Delacorta"]
[Result "1-0"]
[WhiteElo "2151"]
[BlackElo "1422"]
[TimeControl "300"]
[EndTime "15:19:02 PDT"]
[Termination "Tushinskiy won by resignation"]

1. d4 Nf6 2. c3 e5 3. Nf3 exd4 4. cxd4 Bb4+ 5. Nc3 Nc6 6. Bg5 O-O 7. e3 h6 8. Bh4 b6 9. Bd3 Bb7 10. a3 Be7 11. Qe2 Na5 12. O-O Nb3 13. Rad1 a5 14. e4 c6 15. e5 Nd5 16. Bg3 b5 17. Nxd5 cxd5 18. Bxb5 Qb6 19. Bd3 Ba6 20. h4 Bxd3 21. Rxd3 a4 22. Kh2 Rfc8 23. Rfd1 Rc1 24. Qe3 Rac8 25. Rxb3 axb3 26. Rxc1 1-0

[Event "Live Chess"]
[Site "Chess.com"]
[Date "2023.05.20"]
[Round "-"]
[White "Long1968"]
[Black "LL220284LL"]
[Result "0-1"]
[WhiteElo "1202"]
[BlackElo "2385"]
[TimeControl "300"]
[EndTime "15:19:07 PDT"]
[Termination "LL220284LL won on time"]

1. e4 Nf6 2. d3 d6 3. Nd2 g6 4. Ngf3 Bg7 5. g3 Nbd7 6. Bg2 O-O 7.
O-O e5 8. Re1 c6 9. Nf1 Nc5 10.
Ne3 Re8 11. c3 d5 12. b4 dxe4 13. bxc5 exf3 14. Bxf3 Qa5 15. Qb3 Qxc5 16. Ba3 Qb6 17. Qxb6 axb6 18. Bd6 Re6 19. Nc4 Nd7 20. Re2 b5 21.
Bxe5 bxc4 22. Bxg7 Rxe2 23. Bxe2 Kxg7 24. dxc4 Nc5 25. f4 Be6 26. Kf2 Ra3 27. Bd1 Rxc3 28. a4 Bxc4 29. a5 Rd3 30. a6 Bxa6 31. Be2 Rd2 0-1

[Event "Live Chess"]
[Site "Chess.com"]
[Date "2023.05.20"]
[Round "-"]
[White "jk0110"]
[Black "Biranidun"]
[Result "0-1"]
[WhiteElo "1118"]
[BlackElo "2766"]
[TimeControl "300"]
[EndTime "15:19:07 PDT"]
[Termination "Biranidun won by resignation"]

1. e4 c5 2. b4 cxb4 3. d4 d5 4. e5 Nc6 5. Nf3 Bg4 6. h3 Bxf3 7.
gxf3 e6 8. a3 Qb6 9. axb4 Qxd4 10. Qxd4 Nxd4 11. c3 Nc2+ 12. Kd1 Nxa1 13. Bb5+ Kd8 14.
Bg5+ Be7 15. Be3 Nh6 16. Rg1 Nf5 17. Bd2 Nb3 18. Bf4 a5 19. Kc2 Nbd4+ 0-1

[Event "Live Chess"]
[Site "Chess.com"]
[Date "2023.05.20"]
[Round "-"]
[White "ViktorTheCoolBoy"]
[Black "CameronM1234"]
[Result "1-0"]
[WhiteElo "2520"]
[BlackElo "1090"]
[TimeControl "300"]
[EndTime "15:19:11 PDT"]
[Termination "ViktorTheCoolBoy won by checkmate"]

1. d4 Nf6 2. c4 g6 3. Nc3 Bg7 4. e4 d6 5. Nf3 O-O 6. h3 h6 7. Be2 Nbd7 8. Be3 e5 9. O-O c6 10. Qc2 exd4 11. Nxd4 c5 12. Ndb5 Ne5 13. Rad1 Ne8 14.
f4 Nc6 15. e5 Nxe5 16. fxe5 Bxe5 17. Bxh6 Bg7 18. Bxg7 Kxg7 19. Nd5 Be6 20. Nbc3 Nc7 21. Bf3 Nxd5 22. Bxd5 Rb8 23. Qe4 Qd7 24. Rde1 Rfe8 25.
Qf4 Bxd5 26. Nxd5 Qf5 27. Qxf5 gxf5 28. Rxe8 Rxe8 29. Kf2 Kg6 30. Re1 Rxe1 31. Kxe1 a6 32. Kf2 b5 33. b3 Kg5 34. Kf3 Kg6 35. Kf4 bxc4 36. bxc4 a5 37. a4 Kg7 38. Kxf5 Kf8 39. Kf6 Ke8 40. h4 Kd7 41. h5 Ke8 42. h6 Kf8 43. h7 Ke8 44. h8=Q+ Kd7 45. Qb8 Kc6 46.
Qc7# 1-0

[Event "Live Chess"]
[Site "Chess.com"]
[Date "2023.05.20"]
[Round "-"]
[White "HoarseyHorsey"]
[Black "xx_blindpuffin_xx"]
[Result "0-1"]
[WhiteElo "1437"]
[BlackElo "2212"]
[TimeControl "300"]
[EndTime "15:19:17 PDT"]
[Termination "xx_blindpuffin_xx won by resignation"]

1. d4 d5 2. c4 e6 3. Nc3 c6 4. Nf3 dxc4 5. e4 b5 6. a4 Bb4 7. Bd2 Nf6 8. e5 Nd5 9. axb5 Bxc3 10. bxc3 cxb5 11. Be2 O-O 12. Qb1 Bd7 13. Bg5 f6 14.
exf6 gxf6 15. Bh4 Nxc3 16. Qc1 Nxe2 17. Kxe2 Nc6 18. Re1 Nb4 19. Kf1 Nd3 20. Qe3 Nxe1 21. Rxe1 b4 22. Ne5 Qe7 23. Nxc4 Bb5 24. Rc1 Rac8 25.
Qg3+ Kh8 26. Qd3 Qc7 27. Qf3 Bxc4+ 28. Kg1 Qg7 29. Ra1 b3 30. Rc1 b2 31. Rb1 Ba2 0-1

[Event "Live Chess"]
[Site "Chess.com"]
[Date "2023.05.20"]
[Round "-"]
[White "JbbChess726"]
[Black "MrBlond89"]
[Result "0-1"]
[WhiteElo "416"]
[BlackElo "1370"]
[TimeControl "300"]
[EndTime "15:19:29 PDT"]
[Termination "MrBlond89 won by resignation"]

1. e4 e5 2. Nf3 Nc6 3. Bc4 f5 4. exf5 e4 5. Ng1 Nf6 6. d3 d5 7. Bb5 Bxf5 8. dxe4 Bxe4 9. Bg5 Bxg2 10. Nf3 Bxh1 11.
Bh4 Bxf3 0-1

[Event "Live Chess"]
[Site "Chess.com"]
[Date "2023.05.20"]
[Round "-"]
[White "LiamBellwood"]
[Black "f4nomore"]
[Result "1-0"]
[WhiteElo "2076"]
[BlackElo "1416"]
[TimeControl "300"]
[EndTime "15:19:31 PDT"]
[Termination "LiamBellwood won by checkmate"]

1. d4 g6 2. Nc3 Bg7 3. Bf4 d6 4. e4 Nd7 5. Nf3 Ngf6 6. Qd2 O-O 7. O-O-O e5 8. dxe5 Nh5 9. Bg5 f6 10. Bc4+ Kh8 11. exf6 Ndxf6 12. e5 Bg4 13. exf6 Nxf6 14.
Nd5 Bxf3 15. gxf3 Qd7 16. Nxf6 Bxf6 17. Bxf6+ Rxf6 18. Qd4 Rf8 19. h4 Qf5 20. Bd5 c5 21. Qc3 b5 22. Be4 Qf4+ 23. Qd2 Qxd2+ 24. Rxd2 a5 25. h5 g5 26. Rhd1 Rd8 27. Rd5 b4 28.
Rxg5 a4 29. Rxc5 b3 30. cxb3 axb3 31. axb3 Rb8 32. Rc7 Rh6 33. Kc2 Rxh5 34. Rxd6 Rh2 35. Rdd7 Rxf2+ 36. Kc3 h5 37. Rh7+ Kg8 38. Rcg7+ Kf8 39.
Bd5 Rc8+ 40. Kd3 Rd8 41. Rg8# 1-0

[Event "Live Chess"]
[Site "Chess.com"]
[Date "2023.05.20"]
[Round "-"]
[White "JoeRoot66"]
[Black "GMHarry-youtube"]
[Result "1-0"]
[WhiteElo "1921"]
[BlackElo "2019"]
[TimeControl "300"]
[EndTime "15:19:36 PDT"]
[Termination "JoeRoot66 won by resignation"]

1. e4 c5 2. c3 d5 3. exd5 Qxd5 4.
d4 g6 5. Nf3 Bg7 6. Na3 Nc6 7.
Be3 cxd4 8. Nb5 Qd8 9. Nbxd4 Nxd4 10. Bxd4 Nf6 11. Bb5+ Bd7 12. Bxf6 Bxf6 13. Bxd7+ Qxd7 14. Qxd7+ Kxd7 15. O-O-O+ Kc7 16. Nd4 e6 17. Rhe1 Bxd4 18.
Rxd4 Rhd8 19. Red1 Rxd4 20. Rxd4 Rd8 21. Rxd8 Kxd8 22.
Kd2 Kd7 23. Ke3 Kd6 24. Ke4 f5+ 25. Kd4 e5+ 26. Kc4 Kc6 27. a4 a6 28. a5 Kd6 29.
b4 Kc6 30. f3 h6 31. h3 g5 32. g4 f4 33. Kd3 Kb5 34. Ke4 Kc4 35. Kxe5 Kd3 36. Kd5 Ke3 37. c4 Kxf3 38. b5 Ke3 39. bxa6 bxa6 40. c5 f3 41. c6 f2 42. c7 f1=Q 43.
c8=Q Qb5+ 44. Qc5+ Qxc5+ 45. Kxc5 Ke4 46. Kb6 Kd5 47.
Kxa6 Kc6 48. Ka7 Kc7 49. Ka8 Kc6 50. Kb8 Kb5 51. Kc7 Kxa5 52. Kd6 Kb5 53. Ke6 Kc5 54. Kf6 h5 55. gxh5 Kd5 56. Kxg5 Ke6 57. Kg6 Ke7 58. Kg7 Ke6 59. h6 Kf5 60. h7 Kg5 61. h8=Q 1-0

[Event "Live Chess"]
[Site "Chess.com"]
[Date "2023.05.20"]
[Round "-"]
[White "Daniel_Gliddon_FA"]
[Black "AlanPaling"]
[Result "0-1"]
[WhiteElo "1270"]
[BlackElo "1227"]
[TimeControl "300"]
[EndTime "15:19:38 PDT"]
[Termination "AlanPaling won by resignation"]

1. e4 Nf6 2. e5 Nd5 3. c4 Nb6 4. d4 d6 5. Nc3 dxe5 6. dxe5 Qxd1+ 7. Nxd1 Bf5 8. Be3 e6 9. Nc3 Bb4 10. Rc1 O-O 11. c5 Bxc3+ 12. Rxc3 Nd5 13. Rc1 Nc6 14. Bc4 Nxe3 15. fxe3 Nxe5 16. Bb3 c6 17. Nf3 Nd3+ 18. Kd2 Nxc1 19. Rxc1 Rad8+ 20. Ke2 Bg4 21. Kf2 Bxf3 22. gxf3 Rd7 23. Rg1 Rd2+ 24. Ke1 Rfd8 25. h4 Rxb2 26. h5 Rb1+ 27. Kf2 Rd2+ 0-1

[Event "Live Chess"]
[Site "Chess.com"]
[Date "2023.05.20"]
[Round "-"]
[White "ShanthamGrarks"]
[Black "LodeshChess"]
[Result "1-0"]
[WhiteElo "1921"]
[BlackElo "1094"]
[TimeControl "300"]
[EndTime "15:19:43 PDT"]
[Termination "ShanthamGrarks won by resignation"]

1. d4 Nf6 2. Nc3 d5 3. e4 dxe4 4. f3 exf3 5. Nxf3 Bg4 6. Bc4 e6 7. Bg5 Bb4 8. O-O h6 9. Be3 Bxc3 10. bxc3 O-O 11. Kh1 b6 12. Qd2 c6 13. Bd3 Nd5 14. Bxh6 Bxf3 15. Rxf3 Qh4 16. Bg5 Qh8 17. Rh3 1-0

[Event "Live Chess"]
[Site "Chess.com"]
[Date "2023.05.20"]
[Round "-"]
[White "BJAW87"]
[Black "Conradical12"]
[Result "0-1"]
[WhiteElo "1426"]
[BlackElo "1605"]
[TimeControl "300"]
[EndTime "15:19:45 PDT"]
[Termination "Conradical12 won by resignation"]

1. e4 e5 2. Nc3 Nc6 3. f4 Bc5 4. fxe5 Nxe5 5. d4 Bb4 6. dxe5 Qh4+ 7. Ke2 b6 8. Nf3 Ba6+ 9. Kd2 Qf2+ 10. Be2 Bc5 11.
Nd5 O-O-O 12. b4 Bd4 13. Nxd4 Qxd4+ 14. Bd3 Bxd3 15. cxd3 Qxa1 16. Qg4 Qxa2+ 17. Ke3 c6 18. Qxg7 cxd5 19. Qxh8 Nh6 20. Qxh7 Ng4+ 21. Kf3 Qf2+ 22. Kxg4 Qxg2+ 23. Kh4 Qxh1 24. Bg5 Qxh2+ 25. Kg4 Qxh7 0-1

[Event "Live Chess"]
[Site "Chess.com"]
[Date "2023.05.20"]
[Round "-"]
[White "Jo1ts"]
[Black "Geomorph"]
[Result "1/2-1/2"]
[WhiteElo "772"]
[BlackElo "1238"]
[TimeControl "300"]
[EndTime "15:19:48 PDT"]
[Termination "Game drawn - insufficient material"]

1. d4 d5 2. Bf4 Nf6 3. Nf3 c5 4. c3 Qb6 5. Qb3 cxd4 6. Qxb6 axb6 7. cxd4 Nbd7 8. e3 e6 9. Bb5 Ng4 10. O-O Be7 11. h3 Nf6 12. Ne5 O-O 13. Bg5 Nxe5 14. dxe5 Ne4 15. Bxe7 Ra5 16. Bxf8 Rxb5 17. Ba3 f6 18.
exf6 gxf6 19. Rc1 Nc5 20. Bxc5 bxc5 21. Na3 Rxb2 22. Rxc5 Bd7 23. Rc7 Bc6 24. Re7 e5 25. Nb1 Rc2 26. a3 Rc1+ 27. Kh2 d4 28. exd4 exd4 29.
Re4 d3 30. Rd4 Be4 31. a4 f5 32. Kg3 d2 33. Nxd2 Rxa1 34. Nxe4 fxe4 35. Rxe4 Kf7 36.
Rb4 b6 37. Rxb6 Rxa4 38. Rb7+ Kg6 39. f4 h5 40. Kf3 Ra5 41. g4 h4 42. f5+ Kf6 43.
Rh7 Ra3+ 44. Ke2 Rxh3 45. Kf2 Kg5 46. Kg2 Rg3+ 47. Kh2 Kxg4 48. f6 Rf3 49. Rh6 Kg5 50. Rh7 Rxf6 51. Kh3 Rf3+ 52. Kg2 Rg3+ 53. Kh2 Kg4 54.
Kh1 Kf3 55. Kh2 Rg4 56. Kh3 Kf4 57. Rxh4 Rxh4+ 58. Kxh4 1/2-1/2

[Event "Live Chess"]
[Site "Chess.com"]
[Date "2023.05.20"]
[Round "-"]
[White "Doge_Dandolo"]
[Black "Nazar_777"]
[Result "0-1"]
[WhiteElo "2029"]
[BlackElo "1641"]
[TimeControl "300"]
[EndTime "15:19:49 PDT"]
[Termination "Nazar_777 won by resignation"]

1. Nf3 e6 2. c4 a6 3. g3 h5 4. Bg2 Nf6 5. d4 Be7 6. Nc3 c5 7. Bg5 Qc7 8. O-O Ng4 9. Bxe7 Kxe7 10. d5 Ke8 11. dxe6 dxe6 12. Qd3 h4 13. Rad1 Nc6 14. Ne4 hxg3 15. fxg3 Nce5 16. Nxe5 Nxe5 17. Qd6 Qxd6 18.
Nxd6+ Ke7 19. b3 Rf8 20. Ne4 Ng4 21. Nxc5 Ne3 22. Kf2 Nxf1 23. Kxf1 Rb8 24. a4 b6 25. Ne4 Rd8 26. Rxd8 Kxd8 27. Nd6 Ke7 28. Ne4 Bb7 29. Kf2 Bxe4 30. Bxe4 f5 31. Bf3 g5 32. h4 g4 33. Bg2 b5 34. axb5 axb5 35. c5 e5 36. Ke3 Ke6 37. Kd3 e4+ 38. Ke3 Kd5 39. Kf4 Rf8 40.
b4 Kc4 41. c6 Kxb4 42. Ke5 Kc5 43. c7 Kc6 44. e3 Kxc7 45. Bf1 Kc6 46. Ke6 Kc5 47.
Be2 b4 48. h5 b3 49. h6 Kb4 50. Bd1 Kc3 51. Bxb3 Kxb3 52. Ke7 Rh8 53. Kf6 Rxh6+ 54.
Kxf5 Kc3 55. Kxe4 Rf6 56. Kd5 Kd2 57. e4 Rf3 58. e5 Rxg3 59. e6 Re3 60. e7 g3 61.
e8=Q Rxe8 0-1

[Event "Live Chess"]
[Site "Chess.com"]
[Date "2023.05.20"]
[Round "-"]
[White "stevochess11"]
[Black "CeladonFish"]
[Result "1-0"]
[WhiteElo "1756"]
[BlackElo "1167"]
[TimeControl "300"]
[EndTime "15:19:57 PDT"]
[Termination "stevochess11 won by resignation"]

1. d4 Nf6 2. Nf3 g6 3. Nc3 Bg7 4. e4 O-O 5. Be3 c6 6. Bd3 d5 7. e5 Nh5 8. Qd2 Na6 9. g4 Bxg4 10. Ng5 Bh6 11. h3 Bd7 12. Qe2 f6 13. Nxh7 Kxh7 14. Qxh5 1-0

[Event "Live Chess"]
[Site "Chess.com"]
[Date "2023.05.20"]
[Round "-"]
[White "chessfiction"]
[Black "manthanit"]
[Result "1-0"]
[WhiteElo "2341"]
[BlackElo "1029"]
[TimeControl "300"]
[EndTime "15:20:15 PDT"]
[Termination "chessfiction won on time"]

1. e4 e6 2. d4 d5 3. Nc3 c5 4. Nf3 Nc6 5. exd5 exd5 6. Bb5 a6 7. Bxc6+ bxc6 8. O-O Nf6 9. Re1+ Be7 10. dxc5 O-O 11. Nd4 Bxc5 12. Nxc6 Qb6 13. Ne7+ Kh8 14. Nexd5 Bxf2+ 15. Kf1 Nxd5 16. Nxd5 Qc5 17. b4 Qd4 18. c3 Qa7 19.
Re7 Bd7 20. Rxd7 Qxd7 21. Kxf2 Qf5+ 22. Qf3 Qc2+ 23. Kg1 Rad8 24. Bh6 Qg6 25. Be3 Rfe8 26. Bd4 h6 27. Rf1 Rd7 28. c4 Re4 29. Rd1 Rd6 30.
Bc5 Rde6 31. Bf2 Qg5 32. h3 Rf4 33. Nxf4 Re1+ 34. Rxe1 Qxg2+ 35. Qxg2 1-0

[Event "Live Chess"]
[Site "Chess.com"]
[Date "2023.05.20"]
[Round "-"]
[White "fretle"]
[Black "raimundklein"]
[Result "0-1"]
[WhiteElo "1834"]
[BlackElo "1607"]
[TimeControl "300"]
[EndTime "15:20:27 PDT"]
[Termination "raimundklein won by resignation"]

1. b3 e5 2. Bb2 d6 3. g3 Nf6 4. Bg2 Nc6 5. c3 g6 6. d4 exd4 7. cxd4 Bg7 8. Qc2 Bd7 9. Nd2 O-O 10. a3 Re8 11. e3 Ng4 12. Ne2 Rb8 13. O-O h5 14.
Nf4 Bf5 15. e4 Bd7 16. d5 Nce5 17. Rac1 c5 18. dxc6 Bxc6 19. Rfd1 Qb6 20. Rf1 Rbd8 21. h3 Nh6 22. Nf3 Nxf3+ 23. Bxf3 Bxb2 24. Qxb2 Bxe4 25. Bxe4 Rxe4 26. Qf6 Kh7 27. Rc3 d5 28. Rfc1 Qxf6 0-1

[Event "Live Chess"]
[Site "Chess.com"]
[Date "2023.05.20"]
[Round "-"]
[White "SupremeTactician"]
[Black "laminaaprod"]
[Result "1-0"]
[WhiteElo "2374"]
[BlackElo "2246"]
[TimeControl "300"]
[EndTime "15:20:46 PDT"]
[Termination "SupremeTactician won on time"]

1. e4 e5 2. Nf3 Nc6 3. Nc3 Nf6 4. Bb5 Be7 5. O-O d6 6. d4 exd4 7.
Nxd4 Bd7 8. Nf5 Bxf5 9. exf5 O-O 10. Bg5 d5 11. Bxc6 bxc6 12. Re1 Rb8 13. Rb1 h6 14.
Bh4 Rb4 15. Bg3 Bd6 16. a3 Rc4 17. Qd3 Re8 18. b3 Rg4 19. h3 Rg5 20. Rxe8+ Qxe8 21.
Bxd6 cxd6 22. Kf1 Qe5 23. Re1 Qxf5 24. Qxf5 Rxf5 25. Re7 Ne4 26. Nxe4 dxe4 27. Rxe4 Rc5 28. c4 d5 29. cxd5 cxd5 30. Re8+ Kh7 31. Re7 Rc1+ 32. Ke2 Rc2+ 33. Ke1 Rc3 34. Rxf7 a5 35. Ra7 Rxb3 36. Rxa5 d4 37. Rd5 Rxa3 38. Rxd4 Ra1+ 39. Ke2 Ra2+ 40.
Rd2 Ra3 41. Rd3 Ra7 42. Re3 Rf7 43. Re4 Rd7 44. Ke3 Ra7 45. Rd4 Ra3+ 46. Rd3 Ra6 47. g3 Re6+ 48. Kf3 Rb6 49. Rd4 Rb5 50. h4 Rb6 51. Rd5 Rb2 52. Ke3 Rb1 53. Kf4 Rh1 54.
f3 Rf1 55. Rb5 Ra1 56. Rb4 Ra3 57. g4 Ra8 58. Rc4 Rf8+ 59. Kg3 Re8 60. Rc3 Re1 61. Rc7 Re7 62. Rxe7 1-0

[Event "Live Chess"]
[Site "Chess.com"]
[Date "2023.05.20"]
[Round "-"]
[White "colourmefree"]
[Black "Brooms1989"]
[Result "0-1"]
[WhiteElo "413"]
[BlackElo "1063"]
[TimeControl "300"]
[EndTime "15:21:11 PDT"]
[Termination "Brooms1989 won by resignation"]

1. d4 Nf6 2. Nf3 g6 3. c4 Bg7 4. g3 O-O 5. Bg2 d6 6. O-O Bd7 7. e3 Qc8 8. Nc3 Bh3 9. b3 Bxg2 10. Kxg2 Nbd7 11. Bb2 Re8 12. e4 e5 13. d5 c6 14. Ng5 h6 15. Ne6 fxe6 16. dxe6 Rxe6 17. Na4 Nxe4 18. Nc3 Nxc3 19. Bxc3 e4 20. Bxg7 Kxg7 21. Re1 Nf6 22. f3 exf3+ 23. Kxf3 Rxe1 24. Qxe1 Qe8 25. Qc3 Qe5 26. Qxe5 dxe5 27. Re1 e4+ 28. Kf4 g5+ 29. Ke5 Re8+ 30. Kf5 Rd8 31. Ke6 Rd2 32. Ke7 Rxa2 33. Kd8 Rxh2 34. Kc7 Rh3 35. Kxb7 Rxg3 36. Kxc6 Rxb3 37. c5 Rc3 38. Kd6 e3 39. c6 Ne4+ 40. Kd7 Rd3+ 41. Kc7 Rc3 42. Kb7 a5 43. c7 h5 44. c8=Q Rxc8 45. Kxc8 g4 46.
Rxe3 Nf6 47. Re7+ Kg6 48. Ra7 h4 49. Rxa5 h3 50. Ra2 g3 51. Kd8 g2 52. Ra1 h2 53. Ke7 g1=Q 54. Rxg1+ hxg1=Q 55. Ke6 0-1